[Event "November 21 Late 2023"]
[Site "https://www.chess.com"]
[Date "2023.11.21"]
[Round "11"]
[White "Pourkashiyan, Atousa"]
[Black "Bugayev, Vladimir"]
[Result "0-1"]
[Board "68"]
[TimeControl "180+1"]
[WhiteFideId "12502014"]
[BlackFideId "30901480"]
[WhiteElo "2221"]
[BlackElo "2379"]
[WhiteTeam "USA"]
[BlackTeam "USA"]
[WhiteClock "0:00:01"]
[BlackClock "0:00:07"]

1. e4 c6 2. d4 d5 3. exd5 cxd5 4. Bd3 Nc6 5. c3 Nf6 6. Ne2 Bg4 7. Bf4 e6 8. f3 Bh5 9. O-O Bd6 10. Nd2 Bg6 11. Nb3 Bxd3 12. Qxd3 Bxf4 13. Nxf4 Qd6 14. Qe3 O-O 15. Nd3 Nd7 16. Rae1 b6 17. f4 Rae8 18. Qh3 Nf6 19. Nd2 g6 20. Ne5 Qc7 21. Qh4 Kg7 22. Rf3 Ne7 23. g4 h5 24. h3 Rh8 25. g5 Nd7 26. Qf2 Nf5 27. Nf1 Nxe5 28. fxe5 b5 29. Ne3 Rb8 30. a3 a5 31. Nc2 h4 32. Kh2 Rh5 33. Rg1 Qe7 34. Qd2 Ng3 35. Rfxg3 hxg3+ 36. Rxg3 Rbh8 37. Ne1 b4 38. cxb4 axb4 39. a4 b3 40. Nd3 Qa7 41. Nc5 Qb6 42. Rxb3 Qxb3 43. Nxb3 Rxh3+ 44. Kg1 Rh1+ 45. Kf2 R8h2+ 46. Ke3 Rxd2 47. Kxd2 Rh2+ 48. Kc3 Rg2 49. a5 Rxg5 50. a6 Rh5 51. Nd2 Rh8 52. b4 Rb8 53. Kb3 Rb6 54. b5 Rxb5+ 55. Ka4 Rb8 56. Ka5 g5 57. a7 Rb2 58. Nf1 Ra2+ 59. Kb6 Kg6 60. Kb7 Kf5 61. a8=Q Rxa8 62. Kxa8 Ke4 63. Kb7 Kxd4 64. Kc6 Kxe5 65. Kc5 f5 66. Kb4 Kd4 67. Kb3 Kd3 68. Kb2 f4 69. Kc1 g4 70. Kd1 g3 71. Nd2 Ke3 72. Nf1+ Kf2 0-1

[Event "November 21 Late 2023"]
[Site "https://www.chess.com"]
[Date "2023.11.21"]
[Round "11"]
[White "Musalov, Ruslan"]
[Black "Romero Ruscalleda, Josep"]
[Result "1-0"]
[Board "69"]
[TimeControl "180+1"]
[WhiteFideId "4141490"]
[BlackFideId "2231859"]
[WhiteElo "2268"]
[BlackElo "2183"]
[WhiteTeam "RUS"]
[BlackTeam "ESP"]
[WhiteClock "0:00:24"]
[BlackClock "0:00:00"]

1. e4 g6 2. d4 Bg7 3. Nc3 d6 4. Bg5 Nd7 5. Nf3 c5 6. dxc5 Nxc5 7. Bd3 Qa5 8. Qd2 Nf6 9. O-O Nxd3 10. cxd3 O-O 11. Nd5 Qd8 12. Nxf6+ exf6 13. Bh4 Qb6 14. d4 d5 15. e5 fxe5 16. Nxe5 Be6 17. b3 Rac8 18. Rac1 f6 19. Nd3 Qxd4 20. Bg3 Bf5 21. Rcd1 Rfd8 22. Rfe1 Rd7 23. h3 Rc3 24. Nf4 Qxd2 25. Rxd2 d4 26. Red1 Rc2 27. Rxd4 Rxd4 28. Rxd4 Rxa2 29. Rc4 h5 30. Rc7 h4 31. Bxh4 g5 32. Nh5 Bf8 33. Nxf6+ Kh8 34. Bg3 b5 35. Be5 Bg7 36. g4 Bg6 37. Rc8+ Bf8 38. Rxf8+ Kg7 39. Rb8 Re2 40. Rxb5 Kf7 41. Bd4 Ke6 42. Nd5 Re1+ 43. Kg2 Be4+ 44. f3 Bxd5 45. Bxa7 Re2+ 46. Kg3 Rb2 47. h4 gxh4+ 48. Kxh4 Rxb3 49. Rxb3 Bxb3 50. f4 Bd1 51. Kg5 Kf7 52. f5 Be2 53. Bd4 Bf3 54. Kf4 Be2 55. g5 Bd3 56. g6+ Ke7 57. Kg5 Be4 58. f6+ Ke6 59. f7 Ke7 60. Bc5+ 1-0

[Event "November 21 Late 2023"]
[Site "https://www.chess.com"]
[Date "2023.11.21"]
[Round "11"]
[White "Reprintsev, Alexander"]
[Black "hristos03"]
[Result "1-0"]
[Board "70"]
[TimeControl "180+1"]
[WhiteFideId "14100541"]
[WhiteElo "2229"]
[BlackElo "2391"]
[WhiteTeam "UKR"]
[WhiteClock "0:01:12"]
[BlackClock "0:00:05"]

1. e4 c5 2. b3 d6 3. Bb2 Nf6 4. Bxf6 exf6 5. Bd3 g6 6. Nc3 Bg7 7. f4 O-O 8. f5 Nc6 9. Nf3 d5 10. exd5 Re8+ 11. Kf2 Nb4 12. Re1 Nxd3+ 13. cxd3 Bxf5 14. Rxe8+ Qxe8 15. Qf1 Qd7 16. Re1 Re8 17. Rxe8+ Qxe8 18. Qe2 Qd7 19. h3 h5 20. Nh4 g5 21. Nxf5 Qxf5+ 22. Qf3 Qe5 23. Qe4 Qb8 24. Qf5 Qe5 25. Qxe5 fxe5 26. Ne4 Bf8 27. d6 f5 28. d7 Be7 29. Nd6 Kf8 30. Nxb7 g4 31. d8=Q+ Bxd8 32. Nxd8 Ke7 33. Nc6+ Kd6 34. Nxa7 Kd5 35. a4 Kd4 36. a5 1-0

[Event "November 21 Late 2023"]
[Site "https://www.chess.com"]
[Date "2023.11.21"]
[Round "11"]
[White "Butti, Enrique"]
[Black "YouShallNotPass001"]
[Result "0-1"]
[Board "71"]
[TimeControl "180+1"]
[WhiteFideId "3700470"]
[WhiteElo "2080"]
[BlackElo "2444"]
[WhiteTeam "PAR"]
[WhiteClock "0:02:02"]
[BlackClock "0:01:15"]

1. Nf3 Nf6 2. c4 e6 3. d4 d5 4. e3 Be7 5. Nc3 O-O 6. b3 c5 7. Bb2 Nc6 8. Bd3 cxd4 9. exd4 b6 10. O-O Bb7 11. Qe2 Rc8 12. Rad1 Nb4 13. Bb1 Ba6 14. Nb5 Nc6 15. Ne5 Bxb5 16. cxb5 Nxe5 17. dxe5 Nd7 18. f4 g6 19. f5 Bc5+ 20. Kh1 Qh4 21. fxe6 fxe6 22. Rf6 Nxf6 23. exf6 Rxf6 24. g3 Qg5 25. h4 Qxg3 26. Bxf6 Qh3+ 27. Qh2 Qf3+ 28. Qg2 Qxd1+ 29. Kh2 Bd6+ 30. Kh3 Qxb1 0-1

[Event "November 21 Late 2023"]
[Site "https://www.chess.com"]
[Date "2023.11.21"]
[Round "11"]
[White "Rodriguez Dominguez, Melissa"]
[Black "Estrada Nieto, Julian"]
[Result "0-1"]
[Board "72"]
[TimeControl "180+1"]
[WhiteFideId "3517560"]
[BlackFideId "5101018"]
[WhiteElo "2012"]
[BlackElo "2161"]
[WhiteTeam "CUB"]
[BlackTeam "ESP"]
[WhiteClock "0:00:22"]
[BlackClock "0:00:35"]

1. e4 e5 2. Nf3 Nc6 3. Bb5 a6 4. Ba4 Nf6 5. d3 d6 6. O-O g6 7. Nc3 Bg7 8. Bb3 Bg4 9. h3 Bxf3 10. Qxf3 Nd4 11. Qd1 O-O 12. Be3 Nxb3 13. axb3 d5 14. exd5 Nxd5 15. Nxd5 Qxd5 16. Qe2 Rfe8 17. c4 Qd6 18. Qc2 Rad8 19. Rfd1 f5 20. Bg5 Rd7 21. Qe2 h6 22. Be3 Red8 23. f3 Qc6 24. Kh1 Kh7 25. b4 e4 26. dxe4 fxe4 27. Rxd7 Rxd7 28. f4 Rd3 29. c5 Qd5 30. Rf1 Bd4 31. Bc1 Bf6 32. Re1 Bh4 33. Rf1 Qf5 34. Be3 Bf6 35. g4 Qd5 36. f5 g5 37. Kg2 Bd4 38. Bxd4 Qxd4 39. Kh1 Rxh3+ 40. Qh2 Rxh2+ 41. Kxh2 Kg7 42. f6+ Kf7 43. Kg3 Qd3+ 44. Kg2 e3 45. Rh1 Qe4+ 46. Kg1 Qxh1+ 47. Kxh1 e2 0-1

[Event "November 21 Late 2023"]
[Site "https://www.chess.com"]
[Date "2023.11.21"]
[Round "11"]
[White "Todorovic, Bojan"]
[Black "Rosen, Eric"]
[Result "0-1"]
[Board "73"]
[TimeControl "180+1"]
[WhiteFideId "917087"]
[BlackFideId "2032562"]
[WhiteElo "2266"]
[BlackElo "2346"]
[WhiteTeam "SRB"]
[BlackTeam "USA"]
[WhiteClock "0:00:01"]
[BlackClock "0:00:39"]

1. Nf3 d5 2. c4 e6 3. g3 Nf6 4. Bg2 dxc4 5. Qa4+ c6 6. Qxc4 b5 7. Qc2 Bb7 8. O-O Nbd7 9. Nc3 a6 10. b3 c5 11. Bb2 Be7 12. d3 O-O 13. e4 Qb6 14. Rfe1 Rfd8 15. Rad1 Rac8 16. Qe2 Nb8 17. e5 Nd5 18. Ne4 Nc6 19. Nfg5 h6 20. Nxf7 Kxf7 21. Qh5+ Kg8 22. Qg6 Nd4 23. Bxd4 cxd4 24. Bh3 Rc6 25. Nd6 Rcxd6 26. exd6 Bg5 27. Bxe6+ Kh8 28. Bf5 Nf6 29. d7 Qc6 30. Re8+ Rxe8 31. dxe8=Q+ Qxe8 32. Qxe8+ Nxe8 33. f4 Bf6 34. Re1 Nd6 35. Re6 Nxf5 36. Rb6 Bc8 37. Rb8 Ne7 38. Ra8 Kg8 0-1

[Event "November 21 Late 2023"]
[Site "https://www.chess.com"]
[Date "2023.11.21"]
[Round "11"]
[White "Ferreira, Vitor Hugo Vieira"]
[Black "Figorito, Nick"]
[Result "1-0"]
[Board "74"]
[TimeControl "180+1"]
[WhiteFideId "2119765"]
[BlackFideId "30923689"]
[WhiteElo "2123"]
[BlackElo "2371"]
[WhiteTeam "BRA"]
[BlackTeam "USA"]
[WhiteClock "0:01:52"]
[BlackClock "0:01:37"]

1. d4 Nf6 2. c4 g6 3. Nc3 d5 4. Nf3 Bg7 5. Qb3 dxc4 6. Qxc4 O-O 7. e4 a6 8. Be2 b5 9. Qb3 c5 10. dxc5 Bb7 11. e5 Nfd7 12. Be3 Nxe5 13. Rd1 Qc7 14. Nd5 Bxd5 15. Qxd5 Nbc6 16. O-O Rfd8 17. Qe4 Nxf3+ 18. Bxf3 Ne5 19. Be2 Nc6 20. b4 Nd4 21. Bxd4 Bxd4 22. Rxd4 1-0

[Event "November 21 Late 2023"]
[Site "https://www.chess.com"]
[Date "2023.11.21"]
[Round "11"]
[White "Gerbelli Neto, Eduardo"]
[Black "Kochiev, Ivan"]
[Result "1-0"]
[Board "75"]
[TimeControl "180+1"]
[WhiteFideId "2103281"]
[BlackFideId "2917890"]
[WhiteElo "2178"]
[BlackElo "2285"]
[WhiteTeam "BRA"]
[BlackTeam "BUL"]
[WhiteClock "0:00:52"]
[BlackClock "0:00:15"]

1. e4 e5 2. Nf3 Nf6 3. Bc4 Nxe4 4. Nc3 Nf6 5. Nxe5 d5 6. Bb3 Bd6 7. d4 c6 8. Bg5 O-O 9. O-O h6 10. Bh4 Be7 11. f4 Ne4 12. Bxe7 Qxe7 13. Nxe4 dxe4 14. Qh5 Qf6 15. Rae1 Bf5 16. g4 Bh7 17. g5 Qf5 18. Qh4 c5 19. c3 cxd4 20. cxd4 Nc6 21. gxh6 Nxd4 22. hxg7 Kxg7 23. Kh1 Nxb3 24. Rg1+ Kh8 25. axb3 Rg8 26. Rg5 Rxg5 27. Qxg5 f6 28. Nf7# 1-0

[Event "November 21 Late 2023"]
[Site "https://www.chess.com"]
[Date "2023.11.21"]
[Round "11"]
[White "rikchessmx"]
[Black "ExchangeAB"]
[Result "1/2-1/2"]
[Board "76"]
[TimeControl "180+1"]
[WhiteElo "2310"]
[BlackElo "2464"]
[WhiteClock "0:00:45"]
[BlackClock "0:00:13"]

1. e4 c6 2. d4 d5 3. Nc3 dxe4 4. Nxe4 Bf5 5. Ng3 Bg6 6. Nf3 Nd7 7. h4 h6 8. h5 Bh7 9. Bd3 Bxd3 10. Qxd3 e6 11. Bd2 Ngf6 12. Ne4 Nxe4 13. Qxe4 Nf6 14. Qe2 Be7 15. O-O-O Qd5 16. Kb1 Qe4 17. Be3 Ng4 18. Nd2 Qf5 19. f3 Nxe3 20. Qxe3 Bg5 21. Qe2 Bxd2 22. Rxd2 O-O-O 23. g4 Qf4 24. Rhd1 Rd5 25. Qe4 Qxe4 26. fxe4 Rg5 27. Rg2 Rd8 28. c3 f5 29. exf5 exf5 30. Rdg1 Rd7 31. gxf5 Rxf5 32. Rxg7 Rxh5 33. Rg8+ Kc7 34. Rh8 Rf7 35. Rg2 Rh1+ 36. Kc2 h5 37. Kb3 Kb6 38. a4 a5 39. Rg5 Rf2 40. Rhxh5 Rb1 41. Rxa5 Rbxb2+ 42. Kc4 Rh2 43. Rag5 Rhf2 44. a5+ Ka7 45. Rh7 Rf8 46. Rg6 Ka6 47. Rgg7 Rb8 48. Rh6 Kxa5 49. d5 cxd5+ 50. Kxd5 Rb5+ 51. Kc4 Rc8+ 52. Kd3 Rd5+ 53. Kc2 Rdc5 54. Rxb7 Rxc3+ 55. Kd2 Rc2+ 56. Kd3 R8c3+ 57. Kd4 Rc4+ 58. Kd3 R2c3+ 59. Kd2 Rc2+ 60. Kd3 R2c3+ 61. Kd2 Rc2+ 62. Kd3 1/2-1/2

[Event "November 21 Late 2023"]
[Site "https://www.chess.com"]
[Date "2023.11.21"]
[Round "11"]
[White "FuenfgegenWilly"]
[Black "Vemparala, Nikash"]
[Result "1-0"]
[Board "77"]
[TimeControl "180+1"]
[BlackFideId "30960967"]
[WhiteElo "2463"]
[BlackElo "2069"]
[BlackTeam "USA"]
[WhiteClock "0:01:47"]
[BlackClock "0:00:11"]

1. e4 e5 2. Nc3 Nc6 3. Nf3 Nf6 4. g3 g6 5. Bg2 Bg7 6. O-O O-O 7. d3 d5 8. exd5 Nxd5 9. Nxd5 Qxd5 10. Re1 Qd8 11. a3 Be6 12. Be3 Qd7 13. Nd2 Rad8 14. Rb1 f5 15. b4 a6 16. f4 exf4 17. Bxf4 Bd4+ 18. Kh1 Bd5 19. Nf3 Bc3 20. Re3 Nd4 21. Be5 Nxf3 22. Bxc3 Ng5 23. Qe2 Bxg2+ 24. Qxg2 c6 25. Rbe1 Rde8 26. h4 Nf7 27. Qe2 Qd5+ 28. Kh2 Rxe3 29. Qxe3 Nd6 30. Qe7 Rf7 31. Qd8+ Rf8 32. Qd7 Rf7 33. Re7 Rxe7 34. Qxe7 Nf7 35. Qe8# 1-0

[Event "November 21 Late 2023"]
[Site "https://www.chess.com"]
[Date "2023.11.21"]
[Round "11"]
[White "Curtis, John"]
[Black "liwadas82"]
[Result "0-1"]
[Board "78"]
[TimeControl "180+1"]
[WhiteFideId "3200256"]
[WhiteElo "2203"]
[BlackElo "2440"]
[WhiteTeam "AUS"]
[WhiteClock "0:01:20"]
[BlackClock "0:01:11"]

1. e4 e5 2. d4 exd4 3. c3 d5 4. Qxd4 dxe4 5. Qxe4+ Qe7 6. Qxe7+ Bxe7 7. Bc4 Nf6 8. Nf3 O-O 9. O-O Nc6 10. Re1 Bc5 11. Be3 Bxe3 12. Rxe3 Bg4 13. Nbd2 Rad8 14. h3 Bh5 15. Rae1 h6 16. Nb3 Rfe8 17. Rxe8+ Rxe8 18. Rxe8+ Nxe8 19. g4 Bg6 20. Nbd4 Nxd4 21. Nxd4 Nd6 22. Bb3 Kf8 23. f3 Ke7 24. Kf2 c5 25. Ne2 Bb1 26. a3 g5 27. Ke3 Kf6 28. Ng3 Ke5 29. Ne2 f5 30. f4+ gxf4+ 31. Nxf4 fxg4 32. hxg4 Kf6 33. Bd5 Kg5 34. Bf3 Nc4+ 35. Kf2 Kxf4 36. Bxb7 Nxb2 37. Ba6 Bd3 38. Bb7 Nc4 39. Bc8 Nxa3 0-1

[Event "November 21 Late 2023"]
[Site "https://www.chess.com"]
[Date "2023.11.21"]
[Round "11"]
[White "Pein, Jonathan"]
[Black "Feliz Dotel, Dewar Bienvenido"]
[Result "0-1"]
[Board "79"]
[TimeControl "180+1"]
[WhiteFideId "417092"]
[BlackFideId "6402801"]
[WhiteElo "2192"]
[BlackElo "2069"]
[WhiteTeam "ENG"]
[BlackTeam "DOM"]
[WhiteClock "0:00:03"]
[BlackClock "0:00:07"]

1. Nf3 d5 2. d4 e6 3. e3 c5 4. b3 Nf6 5. Bb2 Be7 6. Bd3 O-O 7. Nbd2 b6 8. Qe2 a5 9. Ne5 a4 10. a3 axb3 11. cxb3 Ba6 12. Bxa6 Nxa6 13. Nc6 Qc7 14. Nxe7+ Qxe7 15. dxc5 Nxc5 16. O-O Nfe4 17. Nxe4 Nxe4 18. Rac1 Rfc8 19. Qb5 Rcb8 20. Rc6 Qb7 21. Rfc1 Rc8 22. Rxc8+ Rxc8 23. Rxc8+ Qxc8 24. Qxb6 h5 25. Qd4 f6 26. h3 Qc2 27. f3 Ng3 28. Qc3 Qd1+ 29. Kh2 Ne2 30. Qc8+ Kh7 31. h4 Qg1+ 32. Kh3 Qh1# 0-1

[Event "November 21 Late 2023"]
[Site "https://www.chess.com"]
[Date "2023.11.21"]
[Round "11"]
[White "DraningWaterHi"]
[Black "Nita, Lucian"]
[Result "0-1"]
[Board "80"]
[TimeControl "180+1"]
[BlackFideId "1206923"]
[WhiteElo "2158"]
[BlackElo "2066"]
[BlackTeam "ROU"]
[WhiteClock "0:01:46"]
[BlackClock "0:01:12"]

1. d4 d6 2. e4 Nf6 3. Nc3 e5 4. dxe5 dxe5 5. Qxd8+ Kxd8 6. Bg5 Be6 7. O-O-O+ Kc8 8. f3 Nbd7 9. a3 c6 10. Nge2 Kc7 11. f4 exf4 12. Nxf4 Bc5 13. Nxe6+ fxe6 14. Be2 h6 15. Bf4+ e5 16. Bg3 Be3+ 17. Kb1 Bf4 18. Bxf4 exf4 19. h4 g5 20. hxg5 hxg5 21. Bf3 Ne5 22. Be2 b5 23. Bd3 Nfg4 24. Rdf1 Ne3 25. Rfg1 Rxh1 26. Rxh1 Nxg2 27. Rh7+ Kb6 28. a4 Nxd3 29. cxd3 Ne3 30. axb5 cxb5 31. Rg7 g4 32. Nd5+ Nxd5 33. exd5 g3 34. Rg4 Rf8 35. Kc2 f3 0-1

[Event "November 21 Late 2023"]
[Site "https://www.chess.com"]
[Date "2023.11.21"]
[Round "11"]
[White "Dias, Joao Batista"]
[Black "Skaric, Djuro"]
[Result "0-1"]
[Board "81"]
[TimeControl "180+1"]
[WhiteFideId "2108240"]
[BlackFideId "934569"]
[WhiteElo "1907"]
[BlackElo "2282"]
[WhiteTeam "BRA"]
[BlackTeam "SRB"]
[WhiteClock "0:00:24"]
[BlackClock "0:00:56"]

1. e4 d6 2. d4 g6 3. Nf3 Bg7 4. h3 Nf6 5. Bd3 O-O 6. O-O Nc6 7. c3 h6 8. Re1 e5 9. d5 Ne7 10. Nbd2 c6 11. c4 b5 12. b3 bxc4 13. bxc4 c5 14. Nf1 Nh5 15. Ng3 Nf4 16. Ne2 g5 17. Nxf4 exf4 18. Kf1 Ng6 19. Rb1 g4 20. hxg4 Bxg4 21. Bb2 Be5 22. Qd2 Qf6 23. Nxe5 Nxe5 24. Bxe5 Qxe5 25. f3 Bh5 26. Be2 Rab8 27. Kf2 Bg6 28. Red1 Qg5 29. Kg1 h5 30. Qa5 h4 31. Qxa7 Rxb1 32. Rxb1 h3 33. Bf1 Kh7 34. Rb8 hxg2 35. Bxg2 Rxb8 36. Qxb8 Bxe4 37. Qc8 Bxf3 38. Qh3+ Bh5 39. Qd3+ Kh6 40. Qc3 f6 41. Kf2 Qh4+ 42. Kf1 f3 43. Bxf3 Bxf3 44. Qxf3 Qxc4+ 45. Kg2 Qxa2+ 46. Kh3 Qb2 47. Qe3+ Kg6 48. Qe8+ Kf5 49. Qe6+ Kf4 50. Qxd6+ Qe5 51. Qxc5 Kf3 52. Qc6 Qg3# 0-1

[Event "November 21 Late 2023"]
[Site "https://www.chess.com"]
[Date "2023.11.21"]
[Round "11"]
[White "Saim, Mohamed Ilias"]
[Black "Zakarian, David"]
[Result "1/2-1/2"]
[Board "82"]
[TimeControl "180+1"]
[WhiteFideId "7900465"]
[BlackFideId "13301276"]
[WhiteElo "2063"]
[BlackElo "2286"]
[WhiteTeam "ALG"]
[BlackTeam "ARM"]
[WhiteClock "0:00:16"]
[BlackClock "0:00:10"]

1. d4 Nf6 2. Nf3 e6 3. c4 Nc6 4. Nc3 Bb4 5. Bd2 Qe7 6. a3 Bxc3 7. Bxc3 Ne4 8. Qd3 Nxc3 9. Qxc3 O-O 10. e4 d6 11. Bd3 e5 12. d5 Nb8 13. O-O Bg4 14. Nd2 Nd7 15. b4 f5 16. exf5 Bxf5 17. Bxf5 Rxf5 18. Ne4 Raf8 19. f3 Nf6 20. Ng3 Rf4 21. Rad1 Qf7 22. c5 Nxd5 23. Qb3 Rd4 24. cxd6 cxd6 25. Rxd4 exd4 26. Ne4 Ne3 27. Qxf7+ Rxf7 28. Rc1 Rd7 29. Kf2 b6 30. Ng5 Rd8 31. Ne6 Rd7 32. Nxd4 Nd5 33. Nf5 g6 34. Rc8+ Kf7 35. Nd4 Ne7 36. Rh8 Kg7 37. Rb8 d5 38. Ke3 Nf5+ 39. Nxf5+ gxf5 40. Kd4 Kf6 41. Re8 Kg5 42. Re5 Kf4 43. Rxd5 Rf7 44. Kd3 Re7 45. Rd4+ Kg5 46. Kd2 Rc7 47. Rd8 Re7 48. Rd4 Rc7 49. Kd3 Re7 50. Kc4 Rc7+ 51. Kd3 Re7 1/2-1/2

[Event "November 21 Late 2023"]
[Site "https://www.chess.com"]
[Date "2023.11.21"]
[Round "11"]
[White "Omariev, Maksim"]
[Black "Jarocka, Liwia"]
[Result "0-1"]
[Board "83"]
[TimeControl "180+1"]
[WhiteFideId "4193423"]
[BlackFideId "21807558"]
[WhiteElo "2487"]
[BlackElo "2001"]
[WhiteTeam "RUS"]
[BlackTeam "POL"]
[WhiteClock "0:00:00"]
[BlackClock "0:00:51"]

1. g4 d5 2. Bg2 c6 3. h3 h5 4. g5 e5 5. d4 e4 6. c4 Bb4+ 7. Nc3 Ne7 8. Qb3 a5 9. cxd5 cxd5 10. a3 Bd6 11. Nb5 Nbc6 12. h4 g6 13. Bd2 O-O 14. e3 Be6 15. Ne2 Bb8 16. O-O-O Nf5 17. Kb1 a4 18. Qc2 Qb6 19. Nbc3 Rd8 20. Nxa4 Qa6 21. Nc5 Qxe2 22. Nxb7 Rc8 23. Bf1 Qxf2 24. Nc5 Bd6 25. Bb5 Bxc5 26. dxc5 Nxe3 27. Bxe3 Qxe3 28. Rhe1 Qg3 29. Qc3 Qe5 30. Qb3 Na5 31. Qa4 Nc4 32. Qb4 Rab8 33. a4 Qc7 34. c6 Qb6 35. b3 Na5 36. Kb2 Nxc6 37. Qc3 Na7 38. Qf6 Nxb5 39. axb5 Qxb5 40. Rc1 Qxb3+ 0-1

[Event "November 21 Late 2023"]
[Site "https://www.chess.com"]
[Date "2023.11.21"]
[Round "11"]
[White "Rose, Felix"]
[Black "Melikhov, Evgeny V."]
[Result "1/2-1/2"]
[Board "84"]
[TimeControl "180+1"]
[WhiteFideId "5105722"]
[BlackFideId "4122046"]
[WhiteElo "2039"]
[BlackElo "2165"]
[WhiteTeam "MEX"]
[BlackTeam "GRE"]
[WhiteClock "0:00:12"]
[BlackClock "0:00:04"]

1. e4 c5 2. Nf3 d6 3. d4 cxd4 4. Nxd4 Nf6 5. Nc3 a6 6. h3 e6 7. g4 b5 8. Bg2 Bb7 9. O-O b4 10. g5 bxc3 11. gxf6 Qxf6 12. bxc3 Qg6 13. Re1 Nd7 14. Rb1 Rb8 15. Ba3 Be7 16. Qg4 O-O 17. f4 Ba8 18. Qxg6 hxg6 19. e5 Bxg2 20. Kxg2 Bh4 21. Bxd6 Bxe1 22. Rxe1 Rbc8 23. Bxf8 Kxf8 24. Ne2 Rc4 25. Rb1 Ra4 26. Nc1 Rxf4 27. Rb4 Rxb4 28. cxb4 Nxe5 29. a4 Ke7 30. Nd3 Nc6 31. c3 Kd6 32. Kf3 e5 33. Nc5 Nb8 34. Ke4 f5+ 35. Kd3 g5 36. c4 g4 37. hxg4 fxg4 38. Ne4+ Ke6 39. b5 axb5 40. cxb5 Kd5 41. Ke3 Kc4 42. Nd6+ Kb4 43. Nf7 Kxa4 44. Nxe5 Kxb5 45. Nxg4 Kc5 46. Kf4 Kd6 47. Kg5 Ke7 48. Kg6 Kf8 49. Nh6 Nc6 50. Nf5 Ne5+ 51. Kg5 Nf7+ 52. Kg6 Nh8+ 53. Kg5 Kf7 54. Nxg7 1/2-1/2

[Event "November 21 Late 2023"]
[Site "https://www.chess.com"]
[Date "2023.11.21"]
[Round "11"]
[White "Maect19"]
[Black "Buchenau, Frank"]
[Result "0-1"]
[Board "85"]
[TimeControl "180+1"]
[BlackFideId "4604350"]
[WhiteElo "2339"]
[BlackElo "2157"]
[BlackTeam "GER"]
[WhiteClock "0:00:14"]
[BlackClock "0:00:11"]

1. d4 e6 2. Nf3 Nf6 3. e3 b6 4. Bd3 Bb7 5. O-O c5 6. b3 g6 7. Bb2 Bg7 8. Nbd2 O-O 9. c4 Nc6 10. Qe2 d6 11. a3 Qe7 12. Rad1 Rad8 13. Bb1 Rfe8 14. h3 d5 15. dxc5 bxc5 16. Rfe1 a5 17. Nf1 a4 18. bxa4 Na5 19. cxd5 exd5 20. Ba2 Bc6 21. Bc3 Qc7 22. Qd2 Ne4 23. Bxa5 Qa7 24. Qc2 Qxa5 25. Rb1 Bxa4 26. Qc1 Nc3 27. Rb2 Rb8 28. Ng3 Rxb2 29. Qxb2 Ne4 30. Qc1 Nxg3 31. fxg3 c4 32. Rd1 Qc5 33. Nd4 Bh6 34. Re1 Re4 35. Nc2 Qe7 36. Bb1 Bxc2 37. Bxc2 Bxe3+ 38. Rxe3 Rxe3 39. Kh2 Re1 40. Qf4 Qe3 41. Qb8+ Kg7 42. Qb2+ c3 43. Qb5 Qg1# 0-1

[Event "November 21 Late 2023"]
[Site "https://www.chess.com"]
[Date "2023.11.21"]
[Round "11"]
[White "Su, Dion"]
[Black "Quirke, Jeffrey"]
[Result "1-0"]
[Board "86"]
[TimeControl "180+1"]
[WhiteFideId "2029731"]
[BlackFideId "2013029"]
[WhiteElo "2375"]
[BlackElo "2223"]
[WhiteTeam "USA"]
[BlackTeam "USA"]
[WhiteClock "0:00:12"]
[BlackClock "0:00:00"]

1. e4 e6 2. d4 d5 3. Nd2 c5 4. Ngf3 cxd4 5. Nxd4 Nc6 6. Bb5 Bd7 7. Nxc6 bxc6 8. Bd3 Qc7 9. O-O Ne7 10. f4 Ng6 11. e5 Be7 12. Nf3 O-O 13. c3 f6 14. Qe2 f5 15. Kh1 a5 16. Be3 c5 17. c4 d4 18. Bd2 Rfb8 19. b3 a4 20. Rfb1 axb3 21. axb3 Rxa1 22. Rxa1 Rxb3 23. Ra8+ Rb8 24. Ra1 Nf8 25. h4 h6 26. h5 Bc6 27. Kh2 Qb7 28. Rb1 Qc8 29. Be1 Rxb1 30. Bxb1 Qb7 31. Bd3 Bxf3 32. gxf3 Qb3 33. Qd2 Bd8 34. Be2 Nd7 35. Qc1 d3 36. Bd1 Qa2+ 37. Kh3 Ba5 38. Bxa5 Qxa5 39. Qb1 d2 40. Qd3 Nf8 41. Kg2 Qb4 42. Kf2 Kh7 43. Ke2 Qb2 44. Qxd2 Qxd2+ 45. Kxd2 g6 46. hxg6+ Nxg6 47. Ke3 Nh4 48. Kf2 Kg6 49. Ba4 Kh5 50. Be8+ Ng6 51. Kg2 Kh4 52. Bxg6 h5 53. Kf2 1-0

[Event "November 21 Late 2023"]
[Site "https://www.chess.com"]
[Date "2023.11.21"]
[Round "11"]
[White "SergioMoralesG"]
[Black "Golubev, Mikhail"]
[Result "0-1"]
[Board "87"]
[TimeControl "180+1"]
[BlackFideId "14100983"]
[WhiteElo "2345"]
[BlackElo "2352"]
[BlackTeam "UKR"]
[WhiteClock "0:00:00"]
[BlackClock "0:00:05"]

1. d4 Nf6 2. c4 d6 3. Nf3 g6 4. Nc3 Bg7 5. e4 O-O 6. Be2 e5 7. Be3 h6 8. O-O Ng4 9. Bc1 Na6 10. d5 f5 11. Ne1 Nf6 12. exf5 Bxf5 13. Nc2 Qd7 14. Ne3 Rae8 15. a3 Nc5 16. b4 Nce4 17. Nxe4 Bxe4 18. f3 Bf5 19. Bb2 e4 20. f4 h5 21. Qb3 Ng4 22. Bxg4 hxg4 23. g3 Bxb2 24. Qxb2 Qg7 25. Qxg7+ Kxg7 26. Rfd1 Kf6 27. a4 Rh8 28. Rd2 Rh7 29. a5 Ke7 30. Rc1 Kd7 31. Rdc2 c5 32. dxc6+ bxc6 33. Rb2 Rb8 34. b5 Kd8 35. Rcb1 Rhb7 36. b6 axb6 37. axb6 Kd7 38. Kf2 Be6 39. Rd2 c5 40. Nd5 Bxd5 41. Rxd5 Rxb6 42. Rxb6 Rxb6 43. Ke3 Rb4 44. Rg5 Rxc4 45. Rxg4 d5 46. Rxg6 Rc3+ 47. Kd2 d4 48. h4 e3+ 49. Ke2 Rc2+ 50. Kf3 Rf2+ 51. Kg4 e2 52. Rg7+ Kd6 53. Rg6+ Kd5 54. Rg5+ Kc4 55. Re5 d3 56. h5 d2 57. h6 d1=Q 58. h7 e1=Q+ 59. Kg5 Qxe5+ 60. fxe5 Qd8+ 61. Kg6 Rh2 0-1

[Event "November 21 Late 2023"]
[Site "https://www.chess.com"]
[Date "2023.11.21"]
[Round "11"]
[White "Swicarz, Maciej"]
[Black "seasidesunset"]
[Result "1/2-1/2"]
[Board "89"]
[TimeControl "180+1"]
[WhiteFideId "1113585"]
[WhiteElo "2127"]
[BlackElo "2178"]
[WhiteTeam "POL"]
[WhiteClock "0:00:19"]
[BlackClock "0:00:05"]

1. e4 c5 2. Nc3 a6 3. Nf3 d6 4. e5 dxe5 5. Nxe5 Nd7 6. d4 Nxe5 7. dxe5 Qxd1+ 8. Nxd1 Bf5 9. Ne3 Bg6 10. Bd2 e6 11. O-O-O O-O-O 12. Be2 Ne7 13. Ba5 Rxd1+ 14. Rxd1 Nc6 15. Bb6 Be7 16. f4 Nd4 17. Bf1 Be4 18. b4 Nf5 19. Nc4 cxb4 20. g4 Nh6 21. h3 Bd5 22. Kb2 f6 23. f5 Nf7 24. fxe6 Bxe6 25. Nd6+ Bxd6 26. exd6 Bd7 27. Rd4 Ne5 28. Rxb4 Re8 29. Bg2 Nc6 30. Rc4 Re2 31. Bd5 Re5 32. Bg8 Rb5+ 33. Kc3 Rxb6 34. Bxh7 Be6 35. Re4 Kd7 36. a3 Ne5 37. Re1 Rc6+ 38. Kb2 Rxd6 39. Be4 Rb6+ 40. Kc3 Rd6 41. Bxb7 Bd5 42. Bxd5 Rxd5 43. Kb3 Rb5+ 44. Kc3 Rc5+ 45. Kb3 Kc6 46. Rd1 Rb5+ 47. Kc3 Rd5 48. Rb1 Rb5 49. Rd1 Nd7 50. Re1 Re5 51. Rd1 Nb6 52. Rd8 Kc7 53. Rg8 g5 54. Rf8 a5 55. Kb2 Nd5 56. Ra8 Ne3 57. Ra6 Nd5 58. Rxa5 Nf4 59. Ra6 Nxh3 60. Rxf6 Nf4 61. a4 Ra5 62. Kb3 Kb7 63. Kb4 Nd5+ 64. Kxa5 Nxf6 65. Kb5 Nxg4 66. Kc5 Nf6 67. Kd4 g4 68. Ke3 Kb6 69. Kf4 Kc5 70. c3 Kc4 71. Kg3 Ne4+ 72. Kxg4 Nxc3 73. a5 Kb5 74. a6 Kxa6 1/2-1/2